 Dungeon Sprint DCSS version 0.19-a0-1803-g97ff39f (webtiles) character file.

806 Naow the Bludgeoner (level 7, -6/62 HPs)
             Began as a Minotaur Fighter on Oct 5, 2016.
             Was a Follower of Makhleb.
             Mangled by a troll (10 damage)
             ... in the Dungeon (Sprint IX: "|||||||||||||||||||||||||||||").
             The game lasted 00:01:40 (163 turns).

Naow the Bludgeoner (Minotaur Fighter)               Turns: 163, Time: 00:01:41

Health: -6/62      AC: 13    Str: 21    XL:     7   Next: 60%
Magic:  6/6        EV:  6    Int:  7    God:    Makhleb [*.....]
Gold:   0          SH: 10    Dex:  9    Spells: 0 memorised, 6 levels left

rFire  . . .     SeeInvis .     v - +2 morningstar (crush)
rCold  . . .     Gourm    .     s - +1 chain mail
rNeg   . . .     Faith    .     c - +0 shield
rPois  .         Spirit   .     (helmet restricted)
rElec  .         Dismiss  .     r - +0 cloak
rCorr  .         Reflect  .     (no gloves)
MR     .....     Harm     .     q - +0 pair of boots
Stlth  .......... NoTele   +    (no amulet)
                                (no ring)
                                (no ring)

@: no status effects
A: retaliatory headbutt, horns 2
a: Renounce Religion


You were in the Dungeon.
You worshipped Makhleb.
Makhleb was aware of your devotion.
You were not hungry.

You visited 1 branch

Inventory:

Hand Weapons
 a - a +0 flail
 v - a +2 morningstar of crushing (weapon)
Armour
 b - a +0 scale mail
 c - a +0 shield (worn)
 q - a +0 pair of boots (worn)
 r - a +0 cloak (worn)
 s - a +1 chain mail (worn)
Jewellery
 t - a +3 ring of dexterity
 u - a +3 ring of dexterity
Wands
 p - a wand of iceblast (7/15)
Scrolls
 k - 2 scrolls of blinking
 n - 3 scrolls of remove curse
 o - 2 scrolls of amnesia
Potions
 d - a potion of might
 e - 5 potions of curing
 g - 3 potions of heal wounds
 h - a potion of haste
 i - 4 potions of magic
 j - a potion of berserk rage
 m - a potion of invisibility
Comestibles
 f - a bread ration
 l - 13 chunks of flesh


   Skills:
 - Level 5.9 Fighting
 + Level 17.2 Maces & Flails
 - Level 5.4 Armour
 - Level 5.7 Shields


You had 6 spell levels left.
You didn't know any spells.

Dungeon Overview and Level Annotations

Branches:
Dungeon (1/1)

Altars:
Cheibriados
Dithmenos
Elyvilon
Fedhas
Gozag
Hepliaklqana
Kikubaaqudgha
Makhleb
Nemelex Xobeh
Okawaru
Qazlal
Ru
Sif Muna
Trog
Uskayaw
Vehumet
Xom
Yredelemnul
Zin
The Shining One
Beogh
Jiyva
Lugonu


Innate Abilities, Weirdness & Mutations

You reflexively headbutt those who attack you in melee.
You have a pair of horns on your head.


Message History

You impale something!! Makhleb accepts your kill.
Reactivating autopickup.
Your Maces & Flails skill gained 4 levels and is now at level 17!
You have reached level 7!
You feel a bit more experienced.
You puncture the adder skeleton!
You destroy the adder skeleton!
Makhleb accepts your kill. The troll bites you.
* * * LOW HITPOINT WARNING * * *
The troll claws you.
* * * LOW HITPOINT WARNING * * *
The troll completely misses you.
Things that are here:
a club; a leather armour You sock the troll!
The troll is moderately wounded.
The troll bites you!
You die... ▓▓▓▓▓▓▓▓▓▓▓▓▓▓▓▓▓▓▓▓▓▓▓ ____.'..|).....'@T....+ ▓▓▓▓▓▓▓▓▓▓▓▓▓▓▓▓▓▓▓▓▓▓▓

You could see a troll.

Vanquished Creatures
  An unseen horror (D)
  A phantom (D)
  2 centaurs (D)
  A howler monkey (D)
  2 shadow imps (D)
  2 adder skeletons (D)
  A leopard gecko (D)
  An orc (D)
  2 goblins (D)
  A hobgoblin (D)
  A kobold (D)
15 creatures vanquished.

Notes
Turn   | Place    | Note
-------+----------+-------------------------------------------
     0 | D        | Naow the Minotaur Fighter began the quest for the Orb.
     0 | D        | Reached XP level 1. HP: 19/19 MP: 0/0
    31 | D        | Noticed a howler monkey
    31 | D        | Noticed a centaur
    31 | D        | Noticed a centaur
    36 | D        | Killed a howler monkey
    36 | D        | Reached skill level 5 in Fighting
    36 | D        | Reached skill level 3 in Maces & Flails
    36 | D        | Reached skill level 5 in Armour
    36 | D        | Reached skill level 5 in Shields
    36 | D        | Reached XP level 2. HP: 29/30 MP: 1/1
    36 | D        | Reached XP level 3. HP: 36/37 MP: 2/2
    40 | D        | Reached skill level 4 in Maces & Flails
    44 | D        | Killed a centaur
    44 | D        | Reached skill level 9 in Maces & Flails
    44 | D        | Reached XP level 4. HP: 25/44 MP: 3/3
    48 | D        | Killed a centaur
    48 | D        | Reached skill level 11 in Maces & Flails
    48 | D        | Reached XP level 5. HP: 26/50 MP: 4/4
    61 | D        | Found a roughly hewn altar of Beogh.
    61 | D        | Found a snail-covered altar of Cheibriados.
    61 | D        | Found a shadowy altar of Dithmenos.
    61 | D        | Found a white marble altar of Elyvilon.
    61 | D        | Found a blossoming altar of Fedhas.
    61 | D        | Found an opulent altar of Gozag.
    62 | D        | Found a hazy altar of Hepliaklqana.
    63 | D        | Found a viscous altar of Jiyva.
    64 | D        | Found an ancient bone altar of Kikubaaqudgha.
    65 | D        | Found a corrupted altar of Lugonu.
    66 | D        | Found a burning altar of Makhleb.
    67 | D        | Found a sparkling altar of Nemelex Xobeh.
    68 | D        | Found an iron altar of Okawaru.
    69 | D        | Found a stormy altar of Qazlal.
    70 | D        | Found a sacrificial altar of Ru.
    71 | D        | Found a deep blue altar of Sif Muna.
    72 | D        | Found a bloodstained altar of Trog.
    73 | D        | Found a hide-covered altar of Uskayaw.
    74 | D        | Became a worshipper of Makhleb the Destroyer
    75 | D        | Found a radiant altar of Vehumet.
    76 | D        | Found a shimmering altar of Xom.
    77 | D        | Found a basalt altar of Yredelemnul.
    78 | D        | Found a glowing silver altar of Zin.
    79 | D        | Found a glowing golden altar of the Shining One.
   141 | D        | Noticed a phantom
   141 | D        | Noticed a troll
   146 | D        | Killed a phantom
   146 | D        | Reached skill level 13 in Maces & Flails
   146 | D        | Reached XP level 6. HP: 47/57 MP: 5/5
   149 | D        | Reached * piety under Makhleb
   160 | D        | Killed an unseen horror
   160 | D        | Reached skill level 17 in Maces & Flails
   160 | D        | Reached XP level 7. HP: 11/62 MP: 6/6
   163 | D        | Mangled by a troll

Vault maps used:
D:        linesprint

Skill      XL: |  1  2  3  4  5  6 |
---------------+-------------------+-----
Fighting       | 5 |  5.9
Armour         | 5 |  5.4
Shields        | 5 |  5.7
Maces & Flails | 3 9 11 13 17 | 17.2

Action                   |  1- 3 |  4- 6 |  7- 9 || total
-------------------------+-------+-------+-------++-------
Melee: Flail             |    22 |     5 |       ||    27
       Headbutt          |     3 |     6 |       ||     9
       Morningstar       |       |    18 |     2 ||    20
Armor: Scale mail        |     6 |     3 |       ||     9
       Chain mail        |       |    11 |       ||    11
Dodge: Dodged            |     6 |     1 |     1 ||     8
Block: Shield            |    10 |     2 |       ||    12
